| TOP OF THE 1ST |
|
Baltimore Orioles batting - Pitching for Chicago White Sox : RHP Pete Vuckovich
|
|
Pitching: RHP Pete Vuckovich
|
|
|
Batting: SHB Willie McGee
|
0-0: Called Strike 0-1: Foul Ball, location: 2F 0-2: Foul Ball, location: 2F 0-2: Ball 1-2: Fly out, F8 (Flyball, 78XD, EV 91.3 MPH)
|
|
Batting: SHB Johnny Ray
|
0-0: Ball 1-0: Called Strike 1-1: Fly out, F2 (Popup, 25F, EV 79.4 MPH)
|
|
Batting: LHB Dave Parker
|
0-0: Foul Ball, location: 2F 0-1: Foul Ball, location: 2F 0-2: Strikes out looking
|
| Top of the 1st over - 0 runs, 0 hits, 0 errors, 0 left on base; Baltimore 0 - Chicago 0 |
| BOTTOM OF THE 1ST |
|
Chicago White Sox batting - Pitching for Baltimore Orioles : RHP Jim Clancy
|
|
Pitching: RHP Jim Clancy
|
|
|
Batting: SHB Ozzie Smith
|
0-0: Called Strike 0-1: Called Strike 0-2: Foul Ball, location: 2F 0-2: Ball 1-2: Ball 2-2: Foul Ball, location: 2F 2-2: Ball 3-2: Base on Balls
|
|
Batting: SHB Dwayne Taggart
|
0-0: Ball 1-0: Ball 2-0: Fly out, F4 (Popup, 4, EV 81.9 MPH)
|
|
Batting: RHB Brian Downing
|
0-0: Ball 1-0: Foul Ball, location: 2F 1-1: Fly out, F8 (Line Drive, 8RM, EV 101.3 MPH)
|
|
Batting: LHB Mitchell Page
|
0-0: Fly out, F7 (Flyball, 7, EV 85.6 MPH)
|
| Bottom of the 1st over - 0 runs, 0 hits, 0 errors, 1 left on base; Baltimore 0 - Chicago 0 |
| TOP OF THE 2ND |
|
Baltimore Orioles batting - Pitching for Chicago White Sox : RHP Pete Vuckovich
|
|
Batting: RHB Dwight Evans
|
0-0: Called Strike 0-1: SINGLE (Line Drive, 8LS, EV 93.1 MPH)
|
|
Batting: LHB Fred Lynn
|
0-0: Foul Ball, location: 2F 0-1: Swinging Strike 0-2: Ball 1-2: Reached on error, E6 (Groundball, 6, EV 85.6 MPH) Dwight Evans to second
|
|
Batting: SHB Steve R Ontiveros
|
0-0: Swinging Strike 0-1: Ball 1-1: Foul Ball, location: 2F 1-2: Foul Ball, location: 2F 1-2: SINGLE (Line Drive, 78S, EV 91.9 MPH) Dwight Evans to third Fred Lynn to second Runner from 3rd tries for Home, SAFE, throw by LF to home
|
|
Batting: RHB Matt Rice
|
0-0: Fly out, F7 (Line Drive, 7, EV 106.3 MPH)
|
|
Batting: RHB Bill Foley
|
0-0: Fly out, F8 (Flyball, 78D, EV 97.5 MPH)
|
|
Batting: RHB Garth Iorg
|
0-0: Called Strike 0-1: Ball 1-1: Foul Ball, location: 2F 1-2: Ground out 1-3 (Groundball, P, EV 68.8 MPH)
|
| Top of the 2nd over - 1 run, 2 hits, 1 error, 2 left on base; Baltimore 1 - Chicago 0 |
| BOTTOM OF THE 2ND |
|
Chicago White Sox batting - Pitching for Baltimore Orioles : RHP Jim Clancy
|
|
Batting: RHB Steve Henderson
|
0-0: SINGLE (Groundball, 6MD, EV 96.9 MPH)
|
|
Batting: LHB Rudy Law
|
0-0: Ball Steve Henderson steals 2nd base 1-0: Ball Steve Henderson is caught stealing 3rd base 2-5 2-0: Ball 3-0: Base on Balls
|
|
Batting: RHB Mike Heath
|
0-0: Called Strike 0-1: Ball 1-1: Foul Ball, location: 2F 1-2: SINGLE (Groundball, 34D, EV 101.3 MPH) Rudy Law to second Rudy Law to third
|
|
Batting: LHB Ryan MacFarland
|
0-0: Ball 1-0: Ball 2-0: Fly out, F8 (Flyball, 8RXD, EV 98.1 MPH) Runner from 3rd tags up, SCORES, no throw by CF
|
|
Batting: LHB Steve Christmas
|
0-0: Ball 1-0: Called Strike 1-1: Ball 2-1: Ball 3-1: Fly out, F8 (Line Drive, 8LD, EV 86.9 MPH)
|
| Bottom of the 2nd over - 1 run, 2 hits, 0 errors, 1 left on base; Baltimore 1 - Chicago 1 |
| TOP OF THE 3RD |
|
Baltimore Orioles batting - Pitching for Chicago White Sox : RHP Pete Vuckovich
|
|
Batting: SHB Willie McGee
|
0-0: Called Strike 0-1: Fly out, F9 (Line Drive, 9S, EV 96.9 MPH)
|
|
Batting: SHB Johnny Ray
|
0-0: Foul Ball, location: 2F 0-1: Ball 1-1: Called Strike 1-2: Fly out, F3 (Popup, 3SF, EV 88.1 MPH)
|
|
Batting: LHB Dave Parker
|
0-0: Called Strike 0-1: Called Strike 0-2: Ball 1-2: Ball 2-2: Strikes out looking
|
| Top of the 3rd over - 0 runs, 0 hits, 0 errors, 0 left on base; Baltimore 1 - Chicago 1 |
| BOTTOM OF THE 3RD |
|
Chicago White Sox batting - Pitching for Baltimore Orioles : RHP Jim Clancy
|
|
Batting: SHB Ozzie Smith
|
0-0: Ball 1-0: Ground out U3 (Groundball, 3L, EV 110.0 MPH)
|
|
Batting: SHB Dwayne Taggart
|
0-0: Called Strike 0-1: Called Strike 0-2: Foul Ball, location: 2F 0-2: Ball 1-2: Fly out, F7 (Line Drive, 7, EV 85.0 MPH)
|
|
Batting: RHB Brian Downing
|
0-0: Foul Ball, location: 2F 0-1: Ball 1-1: Ball 2-1: Ball 3-1: Base on Balls
|
|
Batting: LHB Mitchell Page
|
0-0: Ball 1-0: SINGLE (Line Drive, 8RS, EV 111.3 MPH) Brian Downing to second Runner from 2nd tries for 3rd, SAFE, throw by CF made to third
|
|
Pinch Runner at 3rd Jim Wynn:
|
|
|
Batting: RHB Steve Henderson
|
0-0: Ball Wild Pitch! Jim Wynn scores Mitchell Page to second 1-0: Ball 2-0: Fly out, F7 (Flyball, 78M, EV 82.5 MPH)
|
| Bottom of the 3rd over - 1 run, 1 hit, 0 errors, 1 left on base; Baltimore 1 - Chicago 2 |
| TOP OF THE 4TH |
|
Baltimore Orioles batting - Pitching for Chicago White Sox : RHP Pete Vuckovich
|
|
Batting: RHB Dwight Evans
|
0-0: Ball 1-0: Ball 2-0: Ball 3-0: Called Strike 3-1: Base on Balls
|
|
Batting: LHB Fred Lynn
|
0-0: Foul Ball, location: 2F 0-1: Swinging Strike 0-2: Fly out, F7 (Flyball, 78M, EV 95.0 MPH)
|
|
Batting: SHB Steve R Ontiveros
|
0-0: Called Strike 0-1: Ball 1-1: Foul Ball, location: 2F 1-2: Ball 2-2: Strikes out swinging
|
|
Batting: RHB Matt Rice
|
0-0: Called Strike 0-1: Ball 1-1: Foul Ball, location: 2F 1-2: Ball 2-2: Ball 3-2: Fly out, F3 (Popup, 3F, EV 74.4 MPH)
|
| Top of the 4th over - 0 runs, 0 hits, 0 errors, 1 left on base; Baltimore 1 - Chicago 2 |
| BOTTOM OF THE 4TH |
|
Chicago White Sox batting - Pitching for Baltimore Orioles : RHP Jim Clancy
|
|
Batting: LHB Rudy Law
|
0-0: Fly out, F8 (Flyball, 8RD, EV 108.1 MPH)
|
|
Batting: RHB Mike Heath
|
0-0: Ball 1-0: Called Strike 1-1: Ball 2-1: Ground out 5-3 (Groundball, 56S, EV 91.3 MPH)
|
|
Batting: LHB Ryan MacFarland
|
0-0: Ball 1-0: Ball 2-0: Foul Ball, location: 2F 2-1: Foul Ball, location: 2F 2-2: Foul Ball, location: 2F 2-2: Strikes out swinging
|
| Bottom of the 4th over - 0 runs, 0 hits, 0 errors, 0 left on base; Baltimore 1 - Chicago 2 |
| TOP OF THE 5TH |
|
Baltimore Orioles batting - Pitching for Chicago White Sox : RHP Pete Vuckovich
|
|
Batting: RHB Bill Foley
|
0-0: Called Strike 0-1: Foul Ball, location: 2F 0-2: Ground out 3-1 (Groundball, 34, EV 96.3 MPH)
|
|
Batting: RHB Garth Iorg
|
0-0: DOUBLE (Line Drive, 9LM, EV 113.8 MPH)
|
|
Batting: SHB Willie McGee
|
0-0: Ball 1-0: Ball 2-0: Fly out, F1 (Line Drive, P, EV 71.9 MPH)
|
|
Batting: SHB Johnny Ray
|
0-0: Called Strike 0-1: Ball 1-1: Swinging Strike 1-2: Foul Ball, location: 2F 1-2: Ball 2-2: Fly out, F9 (Flyball, 9S, EV 82.5 MPH)
|
| Top of the 5th over - 0 runs, 1 hit, 0 errors, 1 left on base; Baltimore 1 - Chicago 2 |
| BOTTOM OF THE 5TH |
|
Chicago White Sox batting - Pitching for Baltimore Orioles : RHP Jim Clancy
|
|
Batting: LHB Steve Christmas
|
0-0: Called Strike 0-1: Ground out 6-3 (Groundball, 6, EV 106.3 MPH)
|
|
Batting: SHB Ozzie Smith
|
0-0: Ball 1-0: SINGLE (Groundball, 34S, EV 70.6 MPH) (infield hit)
|
|
Batting: SHB Dwayne Taggart
|
0-0: Ball 1-0: Ball 2-0: Called Strike 2-1: Ball 3-1: Base on Balls Ozzie Smith to second
|
|
Batting: RHB Jim Wynn
|
0-0: Foul Ball, location: 2F 0-1: Foul Ball, location: 2F 0-2: Foul Ball, location: 2F 0-2: SINGLE (Line Drive, 56, EV 98.1 MPH) Ozzie Smith to third Dwayne Taggart to second Runner from 3rd tries for Home, SAFE, throw by LF to home
|
|
Batting: LHB Mitchell Page
|
0-0: Called Strike Jim Wynn steals 2nd base Dwayne Taggart steals 3rd base 0-1: Ball 1-1: Foul Ball, location: 2F 1-2: Ball 2-2: SINGLE (Flyball, 9LS, EV 89.4 MPH) Dwayne Taggart scores Jim Wynn to third Runner from 3rd tries for Home, SAFE, throw by RF to home
|
|
Batting: RHB Steve Henderson
|
0-0: Ball 1-0: Foul Ball, location: 2F 1-1: SINGLE (Groundball, 4M, EV 101.9 MPH) (infield hit) Mitchell Page to second
|
|
Batting: LHB Rudy Law
|
0-0: Foul Ball, location: 2F 0-1: Ball 1-1: Ball 2-1: Ball 3-1: Foul Ball, location: 2F 3-2: Base on Balls Mitchell Page to third Steve Henderson to second
|
|
Batting: RHB Mike Heath
|
0-0: Grounds into double play, 4-6-3 (Groundball, 4, EV 86.3 MPH)
|
| Bottom of the 5th over - 3 runs, 4 hits, 0 errors, 2 left on base; Baltimore 1 - Chicago 5 |
| TOP OF THE 6TH |
|
Baltimore Orioles batting - Pitching for Chicago White Sox : RHP Pete Vuckovich
|
|
Batting: LHB Dave Parker
|
0-0: SOLO HOME RUN (Flyball, 89XD, EV 110.0 MPH), Distance : 451 ft
|
|
Batting: RHB Dwight Evans
|
0-0: Ball 1-0: Foul Ball, location: 2F 1-1: Called Strike 1-2: Foul Ball, location: 2F 1-2: Ball 2-2: Strikes out swinging
|
|
Batting: LHB Fred Lynn
|
0-0: Ball 1-0: Fly out, F8 (Flyball, 8RM, EV 89.4 MPH)
|
|
Batting: SHB Steve R Ontiveros
|
0-0: Called Strike 0-1: Foul Ball, location: 2F 0-2: Ball 1-2: Foul Ball, location: 2F 1-2: Reached on error, E3 (Groundball, 34S, EV 93.8 MPH)
|
|
Batting: RHB Matt Rice
|
0-0: SINGLE (Line Drive, 56, EV 96.3 MPH) Steve R Ontiveros to third Runner from 3rd tries for Home, SAFE, throw by LF to home
|
|
Batting: RHB Bill Foley
|
0-0: Ball 1-0: Foul Ball, location: 2F 1-1: Foul Ball, location: 2F 1-2: Strikes out looking
|
| Top of the 6th over - 2 runs, 2 hits, 1 error, 1 left on base; Baltimore 3 - Chicago 5 |
| BOTTOM OF THE 6TH |
|
Chicago White Sox batting - Pitching for Baltimore Orioles : RHP Jim Clancy
|
|
Batting: LHB Ryan MacFarland
|
0-0: Ball 1-0: Ball 2-0: Ball 3-0: Called Strike 3-1: SINGLE (Line Drive, 89M, EV 98.1 MPH)
|
|
Batting: LHB Steve Christmas
|
0-0: Ball 1-0: Ball 2-0: Ball 3-0: Swinging Strike 3-1: Swinging Strike 3-2: Strikes out looking
|
|
Batting: SHB Ozzie Smith
|
0-0: Ball 1-0: Foul Ball, location: 2F 1-1: SINGLE (Groundball, 34D, EV 106.3 MPH) Ryan MacFarland to second Ryan MacFarland to third
|
|
Pitching: LHP Dave LaRoche
|
|
|
Batting: SHB Dwayne Taggart
|
0-0: Ball 1-0: Ball 2-0: Fly out, F8 (Line Drive, 8RD, EV 90.6 MPH) Runner from 3rd tags up, SCORES, throw by CF
|
|
Batting: RHB Jim Wynn
|
0-0: Ball 1-0: Ball 2-0: Ball 3-0: Base on Balls Ozzie Smith to second
|
|
Batting: LHB Mitchell Page
|
0-0: Ball 1-0: Fly out, F9 (Flyball, 9S, EV 90.6 MPH)
|
| Bottom of the 6th over - 1 run, 2 hits, 0 errors, 2 left on base; Baltimore 3 - Chicago 6 |
| TOP OF THE 7TH |
|
Baltimore Orioles batting - Pitching for Chicago White Sox : RHP Pete Vuckovich
|
|
Batting: RHB Garth Iorg
|
0-0: Called Strike 0-1: Called Strike 0-2: Ground out U3 (Groundball, 13, EV 91.3 MPH)
|
|
Batting: SHB Willie McGee
|
0-0: Fly out, F7 (Line Drive, 7, EV 109.4 MPH)
|
|
Batting: SHB Johnny Ray
|
0-0: Ball 1-0: Swinging Strike 1-1: Ball 2-1: Ball 3-1: Base on Balls
|
|
Batting: LHB Dave Parker
|
0-0: Ground out 4-3 (Groundball, 4, EV 102.5 MPH)
|
| Top of the 7th over - 0 runs, 0 hits, 0 errors, 1 left on base; Baltimore 3 - Chicago 6 |
| BOTTOM OF THE 7TH |
|
Chicago White Sox batting - Pitching for Baltimore Orioles : LHP Dave LaRoche
|
|
Batting: RHB Steve Henderson
|
0-0: Called Strike 0-1: Ball 1-1: Fly out, F9 (Flyball, 9LS, EV 76.9 MPH)
|
|
Batting: LHB Rudy Law
|
0-0: Fly out, F7 (Flyball, 78S, EV 91.9 MPH)
|
|
Batting: RHB Mike Heath
|
0-0: SINGLE (Flyball, 7LS, EV 94.4 MPH)
|
|
Batting: LHB Ryan MacFarland
|
0-0: Called Strike 0-1: Called Strike Mike Heath steals 2nd base 0-2: Strikes out swinging
|
| Bottom of the 7th over - 0 runs, 1 hit, 0 errors, 1 left on base; Baltimore 3 - Chicago 6 |
| TOP OF THE 8TH |
|
Baltimore Orioles batting - Pitching for Chicago White Sox : RHP Pete Vuckovich
|
|
Batting: RHB Dwight Evans
|
0-0: Called Strike 0-1: Ball 1-1: Ball 2-1: Called Strike 2-2: Ball 3-2: Foul Ball, location: 2F 3-2: Fly out, F8 (Flyball, 8RS, EV 83.8 MPH)
|
|
Batting: LHB Fred Lynn
|
0-0: Called Strike 0-1: SINGLE (Groundball, 3D, EV 101.3 MPH)
|
|
Batting: SHB Steve R Ontiveros
|
0-0: Swinging Strike 0-1: Ball 1-1: Ball 2-1: Foul Ball, location: 2F 2-2: Foul Ball, location: 2F 2-2: Ball 3-2: Foul Ball, location: 2F 3-2: Fly out, F9 (Line Drive, 9, EV 85.0 MPH)
|
|
Batting: RHB Matt Rice
|
0-0: Called Strike 0-1: Ball 1-1: Foul Ball, location: 2F 1-2: Foul Ball, location: 2F 1-2: Fly out, F7 (Flyball, 7D, EV 90.6 MPH)
|
| Top of the 8th over - 0 runs, 1 hit, 0 errors, 1 left on base; Baltimore 3 - Chicago 6 |
| BOTTOM OF THE 8TH |
|
Chicago White Sox batting - Pitching for Baltimore Orioles : LHP Dave LaRoche
|
|
Batting: LHB Steve Christmas
|
0-0: Ball 1-0: Ground out 6-3 (Groundball, 6, EV 83.1 MPH)
|
|
Batting: SHB Ozzie Smith
|
0-0: Ball 1-0: Called Strike 1-1: Called Strike 1-2: Ball 2-2: Ball 3-2: Base on Balls
|
|
Pitching: RHP Dave Patterson
|
|
|
Batting: SHB Dwayne Taggart
|
0-0: Swinging Strike 0-1: Ground out 5-3 (Groundball, 56S, EV 73.8 MPH) Ozzie Smith to second
|
|
Batting: RHB Jim Wynn
|
0-0: Called Strike 0-1: Called Strike 0-2: Ball 1-2: Ball 2-2: Foul Ball, location: 2F 2-2: Ball 3-2: Strikes out looking
|
| Bottom of the 8th over - 0 runs, 0 hits, 0 errors, 1 left on base; Baltimore 3 - Chicago 6 |
| TOP OF THE 9TH |
|
Baltimore Orioles batting - Pitching for Chicago White Sox : RHP Pete Vuckovich
|
|
Pitching: RHP Dave Stewart
|
|
|
Batting: RHB Bill Foley
|
0-0: Called Strike 0-1: Foul Ball, location: 2F 0-2: Ball 1-2: Ball 2-2: Ball 3-2: Strikes out swinging
|
|
Batting: RHB Garth Iorg
|
0-0: Ball 1-0: Foul Ball, location: 2F 1-1: Ground out 3-1 (Groundball, 34, EV 86.9 MPH)
|
|
Batting: SHB Willie McGee
|
0-0: Swinging Strike 0-1: Ball 1-1: Swinging Strike 1-2: Strikes out swinging
|
| Top of the 9th over - 0 runs, 0 hits, 0 errors, 0 left on base; Baltimore 3 - Chicago 6 |
|